AoeStats
← AiM | CanvaL

Fortress

508515993Analyzed
4v4 RM · 10d ago on Sep 22, 2026· 63m 24s· 8 players
Game mode
Random Map
Map size
Huge
Population
200
Speed
Normal
Resources
Standard
Victory
Conquest
Starting age
Dark Age
Ending age
Imperial Age
RankedLock teamsTeams togetherTeam positionsShared explorationLock speedFull tech treeHidden civsTurbo modeCheats
Victory
Defeat
🇦🇷 Khmer · Argentina
1385
+10
🇨🇱 Vietnamese · Chile
1355
+11
🇨🇱 Britons · Chile
1248
+15
🇨🇱 Japanese · Chile
1228
+16
🇨🇦 Burgundians · Canada
1265
-14
🇨🇳 Byzantines · China
1234
-13
🇺🇸 Bulgarians · United States
1230
-13
🇲🇽 Italians · Mexico
1218
-12
bastianbps
7:24 Feudal Age
11:18 Castle Age
9:56 Loom
9:58 Double-Bit Axe
9:58 Horse Collar
12:09 Bow Saw
21:35 Wheelbarrow
24:34 Imperial Age
22:55 Fletching
23:55 Heavy Plow
23:52 Gold Mining
24:53 Heavy Mounted Crossbowman
25:31 Cranequins
26:25 Bodkin Arrow
26:31 Padded Archer Armor
27:01 Ballistics
27:49 Chemistry
27:20 Bracer
28:55 Conscription
28:52 Leather Archer Armor
29:13 Capped Ram
36:40 Elite Longbowman
39:22 Ring Archer Armor
39:46 Hand Cart
40:12 Warwolf
41:38 Fortified Wall
41:09 Treadmill Crane
43:53 Elite Skirmisher
45:38 Yeomen
45:34 Scale Mail Armor
46:38 Chain Mail Armor
45:50 Pikeman
50:02 Caravan
50:56 Halberdier
51:36 Squires
51:22 Arson
56:58 Scale Barding Armor
57:27 Plate Mail Armor
57:08 Forging
59:42 Iron Casting
MaximoMGM
7:43 Feudal Age
11:36 Castle Age
9:23 Double-Bit Axe
9:22 Horse Collar
10:51 Wheelbarrow
12:41 Bow Saw
12:57 Heavy Plow
20:04 Hand Cart
19:38 Loom
19:59 Gold Mining
20:23 Stone Mining
22:05 Stone Shaft Mining
25:47 Imperial Age
23:26 Scale Barding Armor
24:10 Forging
24:20 Town Watch
25:46 Iron Casting
25:33 Chain Barding Armor
25:17 Chatras
25:49 Bloodlines
25:49 Husbandry
27:06 Paper Money
27:44 Crop Rotation
27:51 Plate Barding Armor
28:26 Two-Man Saw
28:14 Town Patrol
28:07 Fletching
28:39 Elite Battle Elephant
29:50 Bodkin Arrow
30:58 Chemistry
30:10 Masonry
30:22 Ballistics
31:24 Bracer
31:38 Fortified Wall
31:23 Murder Holes
33:07 Caravan
33:40 Light Cavalry
37:44 Guilds
38:05 Coinage
38:12 Treadmill Crane
41:06 Banking
43:18 Siege Engineers
43:21 Onager
50:56 Guard Tower
57:44 Keep
56:55 Arrowslits
57:49 Hoardings
64:03 Scale Mail Armor
AiM | CanvaL
3:23 Loom
4:42 Loom
6:53 Feudal Age
10:38 Castle Age
8:58 Double-Bit Axe
9:11 Horse Collar
9:19 Loom
10:19 Gold Mining
11:21 Fletching
12:03 Bow Saw
13:40 Town Watch
14:04 Padded Archer Armor
16:13 Husbandry
21:57 Bodkin Arrow
24:40 Bloodlines
26:25 Thumb Ring
27:54 Leather Archer Armor
28:17 Wheelbarrow
33:35 Imperial Age
33:02 Forging
32:58 Scale Barding Armor
33:00 Heavy Plow
33:49 Heavy Cavalry Archer
34:05 Light Cavalry
35:26 Bracer
37:20 Ballistics
37:24 Conscription
38:32 Hand Cart
40:24 Chemistry
40:15 Chain Barding Armor
40:25 Ring Archer Armor
43:02 Ring Archer Armor
43:07 Iron Casting
42:53 Stone Mining
43:06 Town Patrol
43:44 Parthian Tactics
51:14 Murder Holes
51:30 Masonry
51:26 Siege Engineers
52:12 Masonry
52:14 Fortified Wall
51:44 Treadmill Crane
56:38 Capped Ram
58:45 Yasama
59:17 Kataparuto
63:26 Fervor
NT | MCLovin1986
7:30 Feudal Age
10:52 Castle Age
9:16 Double-Bit Axe
9:14 Horse Collar
10:22 Stone Mining
11:43 Bow Saw
13:13 Gold Mining
18:53 Wheelbarrow
18:08 Loom
21:30 Hand Cart
21:02 Town Watch
25:11 Imperial Age
23:58 Bloodlines
23:48 Husbandry
24:06 Scale Barding Armor
25:25 Chain Barding Armor
25:50 Ballistics
25:50 Heavy Plow
26:17 Conscription
27:03 Plate Barding Armor
28:10 Chemistry
28:19 Double Crossbow
31:20 Elite Ballista Elephant
33:16 Hoardings
33:43 Siege Engineers
33:34 Light Cavalry
37:13 Fletching
37:34 Masonry
37:38 Fortified Wall
37:24 Murder Holes
39:05 Forging
40:05 Caravan
41:50 Iron Casting
40:40 Hussar
43:39 Blast Furnace
57:05 Crop Rotation
57:32 Architecture
58:33 Bodkin Arrow
60:12 Bracer
60:12 Padded Archer Armor
60:12 Scale Mail Armor
andulas97
8:03 Feudal Age
12:00 Castle Age
10:39 Double-Bit Axe
11:33 Wheelbarrow
13:38 Bow Saw
19:32 Loom
27:21 Imperial Age
25:02 Scale Barding Armor
25:08 Forging
25:10 Bloodlines
25:34 Stirrups
26:03 Chain Barding Armor
25:43 Scale Mail Armor
25:56 Gold Mining
25:56 Stone Mining
28:25 Conscription
28:12 Elite Konnik
30:16 Plate Barding Armor
30:17 Iron Casting
32:34 Gold Shaft Mining
32:34 Stone Shaft Mining
39:42 Chemistry
40:06 Siege Engineers
41:27 Capped Ram
42:33 Siege Ram
42:40 Siege Ram
46:51 Light Cavalry
47:31 Husbandry
48:44 Hussar
52:04 Blast Furnace
xFingolfinx
8:36 Feudal Age
8:57 Double-Bit Axe
8:57 Horse Collar
9:39 Heavy Plow
9:53 Bow Saw
15:32 Castle Age
14:18 Fletching
14:39 Forging
14:36 Scale Barding Armor
15:49 Gold Mining
15:35 Cavalier
16:38 Chain Barding Armor
16:53 Husbandry
16:59 Loom
17:51 Wheelbarrow
19:52 Two-Man Saw
19:52 Iron Casting
20:02 Gold Shaft Mining
21:40 Stone Mining
23:57 Stone Shaft Mining
24:46 Hand Cart
25:42 Ballistics
25:03 Treadmill Crane
25:27 Bodkin Arrow
25:36 Town Watch
26:12 Fortified Wall
31:16 Imperial Age
29:08 Light Cavalry
30:22 Crop Rotation
29:35 Treadmill Crane
30:05 Masonry
29:51 Murder Holes
30:49 Caravan
32:35 Architecture
32:43 Burgundian Vineyards
32:10 Capped Ram
33:44 Conscription
35:02 Chemistry
34:47 Hoardings
35:18 Plate Barding Armor
36:16 Blast Furnace
35:30 Sappers
36:25 Bracer
37:09 Paladin
37:39 Hussar
39:08 Onager
39:51 Guard Tower
55:31 Pikeman
56:12 Squires
55:57 Arson
57:24 Halberdier
58:06 Scale Mail Armor
zaackvader10
3:25 Loom
6:43 Feudal Age
11:56 Castle Age
10:02 Double-Bit Axe
10:29 Horse Collar
10:58 Loom
20:26 Imperial Age
19:39 Fletching
22:23 Chemistry
25:34 Padded Archer Armor
25:29 Bodkin Arrow
29:53 Conscription
30:25 Ballistics
30:51 Pirotechnia
32:31 Silk Road
35:48 Wheelbarrow
EU _XING
0:46 Loom
1:42 Loom
7:22 Feudal Age
8:09 Double-Bit Axe
8:06 Horse Collar
8:21 Gold Mining
9:17 Wheelbarrow
16:09 Castle Age
14:23 Stone Mining
17:10 Hand Cart
18:00 Bow Saw
19:16 Hand Cart
23:45 Gold Shaft Mining
25:04 Scale Barding Armor
27:47 Imperial Age
25:38 Fletching
25:48 Padded Archer Armor
25:38 Fletching
25:49 Scale Mail Armor
25:59 Forging
25:49 Scale Mail Armor
25:59 Treadmill Crane
26:40 Ballistics
26:28 Heavy Plow
27:12 Chain Mail Armor
27:07 Forging
27:27 Bodkin Arrow
27:47 Leather Archer Armor
27:27 Bodkin Arrow
27:47 Leather Archer Armor
27:46 Fortified Wall
27:02 Pikeman
28:35 Iron Casting
27:31 Elite Skirmisher
29:07 Plate Mail Armor
28:39 Bracer
29:12 Conscription
29:56 Ring Archer Armor
30:27 Stone Shaft Mining
29:59 Squires
29:58 Halberdier
30:26 Arson
31:56 Chain Barding Armor
32:48 Plate Barding Armor
33:07 Murder Holes
34:13 Chemistry
32:59 Arrowslits
33:12 Murder Holes
33:55 Hoardings
33:09 Gambesons
54:29 Caravan
54:51 Elite Varangian Guard
Connection lost

Rejoining the realm…

Still unreachable

The connection could not be restored.

Session expired

The server has moved on; the page needs a fresh start.